 Dungeon Crawl Stone Soup version 0.16.1-14-g82efdee (webtiles) character file.

8421 KarvaRausku the Carver (level 11, 0/66 HPs)
             Began as a Tengu Gladiator on Apr 13, 2015.
             Was an Elder of Okawaru.
             Slain by a wolf spider (9 damage)
             ... on level 11 of the Dungeon.
             The game lasted 00:37:38 (13293 turns).

KarvaRausku the Carver (Tengu Gladiator)           Turns: 13293, Time: 00:37:39

Health: 0/66       AC: 21    Str: 20    XL:     11   Next: 30%
Magic:  18/18      EV: 13    Int: 11    God:    Okawaru [****..]
Gold:   287        SH:  5    Dex: 18    Spells: 1 memorised, 5 levels left

rFire  . . .     SeeInvis .     K - +2 falchion (slice)
rCold  . . .     Clarity  .     t - +3 chain mail "Kubio" {Int+3}
rNeg   . . .     SustAb   .     E - +1 buckler {AC+3}
rPois  .         Gourm    .     D - +2 hat
rElec  .         Spirit   .     M - +0 cloak
rCorr  .         Warding  .     H - +0 pair of gloves
rMut   .         Stasis   .     (boots unavailable)
MR     .....                    (no amulet)
Stlth  ..........               B - ring "Shecia" {Wiz Dex+4}
                                g - +2 ring of evasion

@: about to teleport, not resistant to hostile enchantments, extremely
unstealthy
A: able to fly, beak, talons 3
a: Fly, Heroism, Renounce Religion


You were on level 11 of the Dungeon.
You worshipped Okawaru.
Okawaru was greatly pleased with you.
You were not hungry.

You visited 2 branches of the dungeon, and saw 12 of its levels.
You also visited: Sewer.

You collected 610 gold pieces.
You spent 323 gold pieces at shops.

Inventory:

Hand weapons
 a - a +0 long sword
 c - a +1 glaive of flaming
 x - a +0 scimitar
 K - a +2 falchion of slicing (weapon)
 O - a +1 demon whip of venom
Missiles
 d - 2 throwing nets (quivered)
 j - 8 poisoned javelins
Armour
 s - a +3 chain mail of magic resistance
 t - the +3 chain mail "Kubio" (worn) {Int+3}
   (You bought it in a shop on level 11 of the Dungeon)

   It affects your intelligence (+3).
 D - a +2 hat (worn)
 E - a +1 buckler of protection (worn)
 H - a +0 pair of gloves (worn)
 M - a +0 cloak (worn)
 U - the +1 leather armour "Nosawaf" {rElec rN+ MR+ Int-3}
   (You found it on level 7 of the Dungeon)

   It affects your intelligence (-3).
   It insulates you from electricity.
   It protects you from negative energy.
   It affects your resistance to hostile enchantments.
Jewellery
 g - a +2 ring of evasion (left hand)
 B - the ring "Shecia" (right hand) {Wiz Dex+4}
   (You found it in a sewer)

   [ring of wizardry]

   It improves your spell success rate.
   It affects your dexterity (+4).
 I - an uncursed ring of protection from magic
Magical devices
 w - a wand of disintegration (5)
 y - a wand of confusion (27)
 A - a wand of cold (0)
 J - a wand of digging (5)
 S - a wand of cold (5)
 V - a wand of disintegration (7)
 Z - a wand of flame (13)
Scrolls
 e - a scroll of teleportation
 i - 3 scrolls of fog
 k - a scroll of blinking
 n - 4 scrolls of identify
 u - 2 scrolls of remove curse
 v - a scroll of enchant armour
 L - a scroll of amnesia {unknown}
 N - 2 scrolls of magic mapping
Potions
 b - a potion of beneficial mutation
 h - 3 potions of agility
 l - 2 potions of restore abilities
 o - 2 potions of resistance
 p - 3 potions of mutation
 q - 2 potions of might
 z - a potion of curing
 C - 3 potions of brilliance
 F - a potion of berserk rage
 R - 2 potions of degeneration {unknown}
 X - 3 potions of haste
 Y - 2 potions of ambrosia
Miscellaneous
 Q - a legendary deck of changes
Comestibles
 f - 11 bread rations
 m - 5 slices of pizza
 r - 9 fruits
 G - 4 meat rations


   Skills:
 * Level 6.5 Fighting
 + Level 14.6 Long Blades
 - Level 2.1 Throwing
 + Level 6.9 Armour
 * Level 6.2 Dodging
 - Level 1.3 Shields
 + Level 1.0 Spellcasting
 + Level 1.1 Conjurations


You had 5 spell levels left.
You knew the following spells:

 Your Spells              Type           Power        Failure   Level  Hunger
a - Orb of Destruction    Conj           #.........   100%        7    #######


Dungeon Overview and Level Annotations

Branches:
Dungeon (11/15)            Temple (1/1) D:7            Lair (0/8) D:10
    Orc (0/4) D:10

Altars:
Ashenzari
Cheibriados
Dithmenos
Elyvilon
Fedhas
Gozag
Kikubaaqudgha
Makhleb
Nemelex Xobeh
Okawaru
Qazlal
Ru
Sif Muna
Trog
Vehumet
Xom
Yredelemnul
Zin
The Shining One

Shops:
D:11 *

Annotations:
D:8 2 runed doors


Innate Abilities, Weirdness & Mutations

You can fly.
You have a beak for a mouth.
You have claws for feet.


Message History

As you read the scroll of teleportation, it crumbles to dust.
You feel strangely unstable. The centaur hits you.
* * * LOW HITPOINT WARNING * * *
The wolf spider hits you.
* * * LOW HITPOINT WARNING * * *
The wolf spider barely misses you. You block the centaur's attack.
Your chain mail "Kubio" prevents you from hitting the wolf spider.
You claw the wolf spider, but do no damage.
The wolf spider is moderately wounded.
The wolf spider hits you.
* * * LOW HITPOINT WARNING * * *
The wolf spider misses you.
You slash the wolf spider!
You claw the wolf spider, but do no damage.
The wolf spider is severely wounded.
The centaur hits you.
* * * LOW HITPOINT WARNING * * *
The wolf spider hits you but does no damage.
The wolf spider bites you!
You die...

'##.............#.$
.##........#.......
.#....##......... .
.'....##......## ...
.#.............# ..
###.........#..# ..#
.##.........#######..# ##
......##....#..#..#..#..#
......#........#@s......#
.##...........###c†....##
.#####...###......###.....
..# #....#........# .. .##
#.#..#..#..#..# .##
#.#######..#### ..# #.#
#c.# ..# #.. .... ..# #..
......


You could see a wolf spider and a centaur.

Vanquished Creatures
  The ghost of trantor the Covert, a powerful HESk of Okawaru (D:9)
  An unseen horror (D:10)
  The ghost of billydstr the Thaumaturge, an experienced DECj of Vehumet (D:8)
  Erolcha (D:9)
  Pikel (D:5)
  A troll (D:11)
  Grinder (D:5)
  A spriggan (D:7)
  2 wyverns
  Eustachio (D:10)
  A mottled dragon (D:11)
  Edmund (D:7)
  6 orc warriors
  3 black bears
  A water moccasin (D:10)
  A swamp drake (D:10)
  2 ogres (D:8)
  A sky beast (D:9)
  2 necrophages
  2 phantoms
  3 big kobolds (Sewer)
  6 centaurs
  Duvessa (D:6)
  A crocodile (D:8)
  2 giant frogs
  Blork the orc (D:8)
  10 killer bees (D:9)
  2 scorpions
  4 crimson imps
  A wasp zombie (D:9)
  Dowan (D:6)
  2 giant frog zombies
  2 goliath beetles
  2 quasits
  2 jellies
  9 orc priests
  5 hounds
  2 iguanas
  8 orc wizards
  3 worker ants
  Ijyb (D:4)
  A killer bee zombie (D:7)
  A hound skeleton (D:10)
  2 hound zombies (D:7)
  A mummy (D:10)
  3 gnolls (D:6)
  A worker ant zombie (D:5)
  11 adders
  A shadow imp (D:9)
  3 giant mites
  3 worms
  3 adder skeletons
  6 giant geckos
  An ooze (D:2)
  46 orcs
  3 ball pythons
  A bat skeleton (D:4)
  2 giant cockroaches (D:4)
  20 hobgoblins
  16 jackals
  17 kobolds
  5 quokkas
  A river rat zombie (Sewer)
  10 bats
  6 giant newts
  18 goblins
  26 rats
  A rat skeleton (Sewer)
  A rat zombie (Sewer)
  3 river rat skeletons (Sewer)
  2 ballistomycetes (D:6)
314 creatures vanquished.

Vanquished Creatures (others)
  A fulminant prism (D:8)
  A phantom (D:5)
  A worker ant (D:5)
  A giant gecko (D:5)
  A giant cockroach (D:5)
  A hobgoblin (D:5)
  2 kobolds
  A giant gecko zombie (D:5)
  A giant spore (D:6)
10 creatures vanquished.

Grand Total: 324 creatures vanquished

Notes
Turn   | Place    | Note
--------------------------------------------------------------
     0 | D:1      | KarvaRausku, the Tengu Gladiator, began the quest for the Orb.
     0 | D:1      | Reached XP level 1. HP: 12/12 MP: 1/1
    51 | D:1      | Reached XP level 2. HP: 7/17 MP: 3/3
   308 | D:1      | Reached skill level 4 in Long Blades
   947 | D:1      | Reached XP level 3. HP: 19/21 MP: 4/4
  1151 | D:2      | Found a basalt altar of Yredelemnul.
  1234 | D:2      | Reached skill level 5 in Long Blades
  1415 | D:2      | Reached XP level 4. HP: 21/26 MP: 5/5
  1917 | D:3      | Found a radiant altar of Vehumet.
  2860 | D:3      | Reached XP level 5. HP: 27/30 MP: 7/7
  2926 | D:3      | Reached skill level 6 in Long Blades
  3400 | D:4      | Noticed Ijyb
  3435 | D:4      | Killed Ijyb
  3449 | D:4      | Reached skill level 7 in Long Blades
  3449 | D:4      | Reached XP level 6. HP: 30/35 MP: 8/8
  3749 | D:4      | Found a glowing drain.
  3753 | Sewer    | Entered a sewer
  3851 | Sewer    | Reached skill level 8 in Long Blades
  3865 | Sewer    | Got a fine bronze ring
  3874 | Sewer    | Identified the ring "Shecia" {Wiz Dex+4} (You found it in a sewer)
  3893 | Sewer    | Reached XP level 7. HP: 40/40 MP: 9/9
  4427 | D:5      | Entered Level 5 of the Dungeon
  4451 | D:5      | Noticed Pikel
  4467 | D:5      | Killed Pikel
  4467 | D:5      | Reached skill level 10 in Long Blades
  4467 | D:5      | Reached XP level 8. HP: 3/44 MP: 11/11
  4781 | D:5      | Found an opulent altar of Gozag.
  4903 | D:5      | Reached skill level 11 in Long Blades
  5045 | D:5      | Noticed Grinder
  5058 | D:5      | Killed Grinder
  5503 | D:6      | Reached skill level 12 in Long Blades
  5626 | D:6      | Reached XP level 9. HP: 45/48 MP: 12/12
  5633 | D:6      | Found a shadowy altar of Dithmenos.
  5935 | D:6      | Noticed Duvessa
  5935 | D:6      | Noticed Dowan
  5947 | D:6      | Killed Duvessa
  5954 | D:6      | Killed Dowan
  6042 | D:6      | HP: 2/48 [orc priest/flail (5)]
  6644 | D:7      | Noticed Edmund
  6661 | D:7      | Killed Edmund
  6661 | D:7      | Reached skill level 13 in Long Blades
  6684 | D:7      | Found a glowing silver altar of Zin.
  6751 | D:7      | Found a staircase to the Ecumenical Temple.
  6773 | Temple   | Entered the Ecumenical Temple
  7014 | D:7      | Got a steaming leather armour
  7060 | D:7      | Reached skill level 1 in Armour
  7060 | D:7      | Reached skill level 1 in Shields
  7310 | D:7      | Found an iron altar of Okawaru.
  7310 | D:7      | Found a bloodstained altar of Trog.
  7321 | D:7      | Became a worshipper of Warmaster Okawaru
  7653 | D:8      | Found a runed door.
  7811 | D:8      | Noticed billydstr's ghost (experienced DECj)
  7827 | D:8      | HP: 1/49 [fulminant prism[billydstr's ghost] (39)]
  7844 | D:8      | Killed billydstr's ghost
  8091 | D:8      | Identified the +1 leather armour "Nosawaf" {rElec rN+ MR+ Int-3} (You found it on level 7 of the Dungeon)
  8110 | D:8      | Found a sparkling altar of Nemelex Xobeh.
  8139 | D:8      | Noticed Blork the orc
  8155 | D:8      | Killed Blork the orc
  8158 | D:8      | Acquired Okawaru's first power
  8158 | D:8      | Reached XP level 10. HP: 38/56 MP: 13/13
  8222 | D:8      | Reached skill level 5 in Dodging
  8584 | D:8      | Found a runed door.
  9267 | D:9      | Noticed trantor's ghost (powerful HESk)
  9651 | D:9      | Noticed Erolcha
  9667 | D:9      | Killed Erolcha
  9667 | D:9      | Reached skill level 14 in Long Blades
  9700 | D:9      | Reached skill level 5 in Armour
  9797 | D:9      | Killed trantor's ghost
  9797 | D:9      | Reached skill level 5 in Fighting
 10503 | D:10     | Entered Level 10 of the Dungeon
 10914 | D:10     | Killed an unseen horror
 10914 | D:10     | Received a gift from Okawaru
 11172 | D:10     | Reached XP level 11. HP: 37/64 MP: 15/15
 11415 | D:10     | Noticed Eustachio
 11418 | D:10     | Found a staircase to the Lair.
 11436 | D:10     | Killed Eustachio
 11450 | D:10     | Identified a scroll of acquirement
 12047 | D:10     | Learned a level 7 spell: Orb of Destruction
 12578 | D:10     | Found a staircase to the Orcish Mines.
 13000 | D:11     | Found Pneaqeap's Assorted Antiques.
 13007 | D:11     | Bought a faintly humming chain mail for 323 gold pieces
 13017 | D:11     | Identified the +3 chain mail "Kubio" {Int+3} (You bought it in a shop on level 11 of the Dungeon)
 13251 | D:11     | Reached skill level 1 in Spellcasting
 13251 | D:11     | Reached skill level 1 in Conjurations
 13293 | D:11     | Slain by a wolf spider

Action                   |  1- 3 |  4- 6 |  7- 9 | 10-12 || total
-------------------------+-------+-------+-------+-------++-------
Melee: Long sword        |    88 |   237 |   398 |   316 ||  1039
       Falchion          |       |       |       |   185 ||   185
       Demon whip        |       |       |       |     5 ||     5
Throw: Throwing net      |       |       |       |     1 ||     1
Evoke: Wand              |       |       |     4 |       ||     4
  Use: Potion            |       |     2 |     5 |     7 ||    14
       Scroll            |       |     2 |     2 |    20 ||    24
  Eat: Chunk             |     2 |     7 |    14 |     9 ||    32
       Bread ration      |       |       |       |     1 ||     1
       Royal jelly       |       |       |       |     2 ||     2
       Beef jerky        |       |       |       |     2 ||     2
